 Dungeon Crawl Stone Soup version 0.28-a0-1493-g08698888e4 (webtiles) character file.

Game seed: 15389966110590566415

315 murtidash the Magician (level 6, 0/40 HPs)
             Began as a Djinni Ice Elementalist on Jan 13, 2022.
             Killed from afar by a white imp (15 damage)
             ... with a puff of frost
             ... summoned by Natasha
             ... on level 4 of the Dungeon.
             The game lasted 00:07:08 (3764 turns).

murtidash the Magician (Djinni Ice Elementalist)    Turns: 3764, Time: 00:07:09

Health: 0/40       AC:  2    Str:  7    XL:     6   Next: 72%
Gold:   157        EV: 12    Int: 19    God:
                   SH:  5    Dex: 13

rFire   + + .      SeeInvis .   g - +1 dagger (drain)
rCold   x . .      Faith    .   (no shield)
rNeg    . . .      Spirit   .   a - +0 robe
rPois   ∞          Reflect  +   (no helmet)
rElec   .          Harm     .   (no cloak)
rCorr   .          Rampage  .   (no gloves)
Will    .....                   (boots unavailable)
Stlth   ++........              r - amulet of reflection
HPRegen 0.13/turn               (no ring)
MPRegen 0.00/turn               (no ring)

@: flying
A: sickness immunity, fire resistance 2, cold vulnerability 1, float, innate
caster, hp casting, extra vitality 1
a: no special abilities


You were on level 4 of the Dungeon.
You visited 1 branch of the dungeon, and saw 4 of its levels.

You collected 157 gold pieces.

Inventory:

Hand Weapons
 d - a +0 dagger
   (You took it off a goblin on level 1 of the Dungeon)
 g - a +1 dagger of draining (weapon)
   (You found it on level 1 of the Dungeon)
Armour
 a - a +0 robe (worn)
 m - a +2 leather armour of willpower
   (You took it off Ijyb on level 3 of the Dungeon)
 p - a +1 leather armour of positive energy
   (You found it on level 3 of the Dungeon)
Magical Staves
 f - a staff of air {rElec}
   (You found it on level 1 of the Dungeon)
Jewellery
 r - an amulet of reflection (around neck)
   (You found it on level 4 of the Dungeon)
Wands
 l - a wand of flame (6)
   (You took it off Ijyb on level 3 of the Dungeon)
Scrolls
 b - 2 scrolls of noise {unknown}
 e - a scroll of teleportation {unknown}
 h - 5 scrolls of identify {unknown}
 j - 3 scrolls of amnesia {unknown}
 q - a scroll of fog {unknown}
Potions
 c - 2 potions of curing
 i - a potion of attraction {unknown}
 k - a potion of mutation {unknown}
 n - a potion of brilliance {unknown}
 o - a potion of magic {unknown}


   Skills:
 - Level 2.1 Dodging
 - Level 1.5 Stealth
 + Level 5.9 Spellcasting


You had 2 spell levels left.
You knew the following spells:

 Your Spells              Type           Power      Damage    Failure   Level
a - Frozen Ramparts       Ice            56%        1d7       3%          3
g - Foxfire               Conj/Fire      100%       2x1d9     1%          1
A - Ozocubu's Armour      Ice            28%        N/A       3%          3
U - Static Discharge      Conj/Air       28%        N/A       1%          2
X - Hailstorm             Conj/Ice       28%        3d8       10%         4
Z - Freeze                Ice            100%       1d11      1%          1
Your spell library was empty.

Dungeon Overview and Level Annotations

Branches:
Dungeon (4/15)
 Temple: D:4-7

Altars:

Annotations:
D:4 Natasha


Innate Abilities, Weirdness & Mutations

You are immune to sickness and miasma.
You are immune to poison.
Your flesh is very heat resistant. (rF++)
You are vulnerable to cold. (rC-)
You float through the air rather than walking.
You learn spells naturally, not from books.
Your magical power is your life essence.
You have superior vitality. (+4 MHP)


Message History

You see here an adder corpse.
r - an amulet of reflection Health restored: 40 You start putting on your amulet.
You continue putting on your amulet of reflection. x5
You finish putting on your amulet of reflection.
You feel a shielding aura gather around you.
r - an amulet of reflection (around neck)
Found a stone staircase leading up.
Natasha, an orc wizard and an orc come into view.
You conjure some foxfire!
You take 1 damage, and have 39/40 hp.
Natasha hisses angrily.
The orc wizard shouts!
The orc shouts!
You hear a shout!
The foxfire hits Natasha!
The foxfire hits the orc wizard but does no damage.
You conjure some foxfire!
An orc comes into view. It is wielding a +0 hand axe.
You take 1 damage, and have 38/40 hp.
The foxfire hits Natasha.
The foxfire hits the orc wizard.
The orc wizard casts a spell at you. You resist with some effort.
You conjure some foxfire!
An orc comes into view. It is wielding a +0 mace.
The foxfire hits Natasha.
The orc wizard casts a spell.
The orc wizard flickers and vanishes!
Deactivating autopickup; reactivate with Ctrl-A.
Aim: Natasha (almost dead, ally target)
You freeze Natasha.
You kill Natasha!
Natasha screams in pain as she dies!
The foxfire hits the orc.
You take 1 damage, and have 37/40 hp.
The walls around you are covered in ice.
The wall freezes the orc.
You kill the orc!
You take 3 damage, and have 34/40 hp.
The wall freezes something.
You hear some strange, mumbled words.
You are confused.
The wall freezes the orc. x2
The wall freezes something.
You're too confused to cast spells.
You're too confused to cast spells.
You bump into the rock wall.
The wall freezes the orc.
The orc misses you.
The wall freezes something.
Reactivating autopickup.
You feel a bit more experienced.
Your frozen ramparts will break if you move.
Continue? [Y]es or [N]o only, please.
Your frozen ramparts will break if you move.
Continue?
Okay, then.
Your frozen ramparts will break if you move.
Continue?
Okay, then.
The wall freezes the orc.
You kill the orc!
The wall freezes the orc.
The orc hits you with a +0 mace.
You take 1 damage, and have 34/40 hp.
The wall freezes the orc!
You kill the orc!
The frozen ramparts melt away.
You start resting.
You feel less confused.
Items here: )) [ ††.
Health restored: 40
Items here: )) ††.
A dart slug comes into view.
A dart slug is nearby!
You conjure some foxfire!
The dart slug launches a dart at you. The slug dart misses you.
The foxfire hits the dart slug.
The foxfire hits the dart slug!
You kill the dart slug!
An endoplasm comes into view.
You conjure some foxfire!
You take 1 damage, and have 39/40 hp.
The foxfire hits the endoplasm.
You kill the endoplasm!
Natasha, Servant of Life and Death comes into view.
You conjure some foxfire!
The foxfire hits Natasha.
Natasha wildly gestures.
You feel disoriented.
Natasha mumbles some strange words.
The foxfire hits Natasha. x2
You conjure some foxfire!
The white imp gestures at you. The puff of frost hits you!
You feel a terrible chill!
Natasha wildly gestures.
Natasha shimmers violently.
Natasha stares at you and mumbles some strange words.
The magic dart hits you!
You take 16 damage, and have 23/40 hp.
MASSIVE DAMAGE!!
The white imp laughs crazily.
The foxfire hits Natasha.
Natasha casts a spell at you. The magic dart hits you!
The white imp gestures at you. The puff of frost hits you!
You feel a terrible chill!
You die...

................
.....##...........# ##..
..#..###..........##....
..........####..........
.........##.≈.#.....5...
.........##.≈.......#...
....†.......≈...........
......###..#≈#.§§§§.h.#
.......###.# ###@§§v..#[
........#..# #.§§.......
...........###.<......##
........................
.........))....###......
..........#..†...§......
..........##............
.......#..#.............
#......#................


You could see Natasha (ally target) and a white imp (summoned).

Vanquished Creatures
  A phantom (D:3)
  Jessica (D:3)
  Ijyb (D:3)
  Natasha (D:4)
  An orc wizard (D:4)
  4 adders
  2 dart slugs
  11 orcs
  7 ball pythons
  6 bats
  4 endoplasms
  2 giant cockroaches (D:1)
  7 hobgoblins
  9 jackals
  4 quokkas
  4 frilled lizards
  6 goblins
  5 kobolds
  7 rats
83 creatures vanquished.

Vanquished Creatures (others)
  77 foxfires
77 creatures vanquished.

Grand Total: 160 creatures vanquished

Notes
Turn   | Place    | Note
-------+----------+-------------------------------------------
     0 | D:1      | murtidash the Djinni Ice Elementalist began the quest for
                  | the Orb.
     0 | D:1      | Reached XP level 1. HP: 15/15 MP: 0/0
   133 | D:1      | Reached XP level 2. HP: 10/21 MP: 0/0
   139 | D:1      | Found a faded altar of an unknown god.
   148 | D:1      | HP: 1/21 [dart slug/slug dart (3)]
   706 | D:1      | Reached XP level 3. HP: 18/25 MP: 0/0
   706 | D:1      | Learned a level 1 spell: Foxfire
   720 | D:1      | Reached skill level 4 in Spellcasting
  1773 | D:2      | Reached XP level 4. HP: 26/31 MP: 0/0
  1882 | D:2      | Identified the +0 chain mail "Putri" {rPois Str+2 Int+4
                  | Stlth-}
  2463 | D:3      | Noticed Jessica
  2466 | D:3      | Killed Jessica
  2518 | D:3      | Noticed Ijyb
  2530 | D:3      | Reached XP level 5. HP: 13/35 MP: 0/0
  2530 | D:3      | Learned a level 2 spell: Static Discharge
  2547 | D:3      | HP: 5/35 [Ijyb/puff of flame (4)]
  2554 | D:3      | Killed Ijyb
  2555 | D:3      | Reached skill level 5 in Spellcasting
  2952 | D:3      | Noticed a phantom
  2962 | D:3      | Killed a phantom
  2963 | D:3      | Reached XP level 6. HP: 19/40 MP: 0/0
  3685 | D:4      | Noticed Natasha
  3692 | D:4      | Killed Natasha
  3759 | D:4      | Noticed Natasha
  3764 | D:4      | Killed from afar by a white imp

Illustrated notes

Levels and vault maps discovered:
D:1:      minmay_arrival_four_circles, layout_rooms,
          hellmonk_ecumenical_altar_pennies_from_heaven, minmay_vboxes
D:2:      layout_loops_ring, st_stairs_8
D:3:      layout_basic, uniq_jessica, uniq_ijyb
D:4:      layout_cave_pools, ebering_ghost_reflecting_pool, serial_rivers,
          chequers_serial_rivers_micro_b, chequers_serial_rivers_micro_a,
          chequers_serial_rivers_small_a, chequers_serial_rivers_large_b,
          chequers_serial_rivers_micro_b, nrook_mini_vaults, uniq_natasha,
          uniq_menkaure

Skill      XL: |  1  2  3  4  5 |
---------------+----------------+-----
Spellcasting   | 4 5 |  5.9
Dodging        | |  2.1
Stealth        | |  1.5

Action                   |  1- 3 |  4- 6 || total
-------------------------+-------+-------++-------
Melee: Unarmed           |     3 |       ||     3
       Dagger            |     2 |    27 ||    29
 Cast: Freeze            |    43 |    17 ||    60
       Foxfire           |    19 |    28 ||    47
       Static Discharge  |       |     4 ||     4
       Frozen Ramparts   |       |     7 ||     7
  Use: Potion            |       |     2 ||     2
 Stab: Sleeping          |       |     1 ||     1
Armor: Robe              |     5 |     2 ||     7
Dodge: Dodged            |    31 |    29 ||    60

Table legend: (Time is in decaauts)
 A = Elapsed time spent in this place.
 B = Non-inter-level travel time spent in this place.
 C = Inter-level travel time spent in this place.
 D = Time resting spent in this place.
 E = Time spent auto-exploring this place.
 F = Levels seen in this place.
 G = Mean time per level.
                   A        B        C        D        E       F      G
               +--------+--------+--------+--------+--------+-----+--------+
         Total |   3762 |   3686 |     76 |     76 |   3105 |   4 |  940.5 |
       Dungeon |   3762 |   3686 |     76 |     76 |   3105 |   4 |  940.5 |
               +--------+--------+--------+--------+--------+-----+--------+

Top non-repeatable levels by time:
     D:1: 1499 daAuts
     D:3: 1176 daAuts
     D:2: 938 daAuts
     D:4: 147 daAuts

Table legend:
 A = Kills in this place as a percentage of kills in entire the game.
 B = Kills by you in this place as a percentage of kills by you in the entire game.
 C = Kills by friends in this place as a percentage of kills by friends in the entire game.
 D = Other kills in this place as a percentage of other kills in the entire game.
 E = Experience gained in this place as a percentage of experience gained in the entire game.
 F = Experience gained in this place divided by the number of levels of this place that you have seen.
                   A       B       C       D       E      F
               +-------+-------+-------+-------+-------+----------------------
         Total | 100.0 | 100.0 |   N/A |   N/A | 100.0 | 112.5
       Dungeon | 100.0 | 100.0 |   N/A |   N/A | 100.0 | 112.5
               +-------+-------+-------+-------+-------+----------------------
